 Dungeon Crawl Stone Soup version 0.27-a0-1532-gca18f49f40 (webtiles) character file.

Game seed: 6204299494954860618

70 lmSkywalker the Skirmisher (level 4, -4/39 HPs)
             Began as a Palentonga Fighter on July 12, 2021.
             Slain by a gnoll (14 damage)
             ... on level 2 of the Dungeon.
             The game lasted 00:08:40 (2591 turns).

lmSkywalker the Skirmisher (Palentonga Fighter)     Turns: 2591, Time: 00:08:40

Health: -4/39      AC:  6    Str: 20    XL:     4   Next: 4%
Magic:  4/4        EV:  5    Int:  8    God:
Gold:   119        SH:  9    Dex: 10    Spells: 3/3 levels left

rFire    . . .     SeeInvis +   a - +0 war axe
rCold    . . .     Faith    .   c - +0 kite shield
rNeg     . . .     Spirit   .   b - +0 scale mail
rPois    .         Reflect  .   (no helmet)
rElec    .         Harm     .   (no cloak)
rCorr    .         Rampage  .   (no gloves)
Will     .....                  (no barding)
Stlth    ..........             (no amulet)
HPRegen  0.13/turn              (no ring)
MPRegen  0.09/turn              (no ring)

@: no status effects
A: large, rugged brown scales 3, see invisible, deformed body, roll 1, armoured
tail
a: Rolling Charge


You were on level 2 of the Dungeon.
You visited 1 branch of the dungeon, and saw 3 of its levels.

You collected 119 gold pieces.

Inventory:

Hand Weapons
 a - a +0 war axe (weapon)
Missiles
 e - 52 stones
 n - 6 curare-tipped darts
Armour
 b - a +0 scale mail (worn)
 c - a +0 kite shield (worn)
 p - a +0 cloak
Jewellery
 g - a ring of fire
Scrolls
 o - 2 scrolls of vulnerability
Potions
 d - a potion of might
 j - a potion of magic
 m - a potion of mutation
 q - a potion of attraction {unknown}


   Skills:
 * Level 3.7 Fighting
 * Level 2.9 Axes
 + Level 2.7 Armour
 + Level 2.7 Shields


You had 3 spell levels left.
You didn't know any spells.
Your spell library contained the following spells:

 Spells                   Type           Power      Damage    Failure   Level
 Poisonous Vapours        Pois/Air       0%         N/A       100%        2
 Mephitic Cloud           Conj/Pois/Air  0%         N/A       100%        3
 Freezing Cloud           Conj/Ice/Air   0%         6-21      100%        5


Dungeon Overview and Level Annotations

Branches:
Dungeon (3/15)

Altars:
Yredelemnul

Annotations:
D:3 Grinder


Innate Abilities, Weirdness & Mutations

You are completely covered in rugged brown scales. (AC +3, +7% HP)
You have supernaturally acute eyesight. (SInv)
Armour fits poorly on your strangely shaped body.
You can roll at nearby foes to attack.
You have a long armoured tail.


Message History

Press: ? - help, Dir - move target, f - gnoll
Aim: a gnoll, wielding a +0 flail You roll forward with a clatter of scales!
You slice the gnoll!!
You kill the gnoll!
You hear a shout!
You have reached level 4!
You feel agile.
Things that are here:
a +0 flail; a gnoll corpse A gnoll comes into view.
It is wielding a +0 halberd.
The gnoll shouts!
A gnoll comes into view. It is wielding a +0 halberd.
A kobold comes into view. It is wielding a +0 dagger.
The gnoll moves out of view.
Things that are here:
a +0 flail; a gnoll corpse
There is a stone staircase leading up here.
You see here a frilled lizard skeleton.
Roll where?
Press: ? - help, Dir - move target, f - gnoll
Aim: a gnoll, wielding a +0 halberd You roll forward with a clatter of scales!
You barely miss the gnoll. The gnoll hits you with a +0 halberd!
The gnoll hits you from afar with a +0 halberd!
You climb upwards.
There is a stone staircase leading down here.
Okay, then.
You feel better. The gnoll hits you with a +0 halberd!
* * * LOW HITPOINT WARNING * * *
You feel better. The gnoll closely misses you.
You hit the gnoll.
The gnoll is moderately wounded.
You block the gnoll's attack. The gnoll hits you with a +0 halberd!
* * * LOW HITPOINT WARNING * * *
You hit the gnoll but do no damage.
The gnoll is moderately wounded.
The gnoll hits you with a +0 halberd!
You die...

###### #....# #.##.# #.##.#
#.##.# ## #########.@#.# .#
#.........g#.###########
#######.#######.##...........#
..............#.##...........#
#######.#####.#.##...........##
......#.......#.##.######.....#
####.##########.##.######.....###
#........# #...#............'..
#.##.###.# #.#.#.######.....###


You could see a gnoll.

Vanquished Creatures
  A gnoll (D:3)
  2 adders (D:2)
  A worm (D:2)
  2 orcs
  6 ball pythons
  3 bats
  2 giant cockroaches (D:2)
  A hobgoblin (D:2)
  4 jackals
  3 frilled lizards
  7 goblins
  2 kobolds (D:1)
  2 kobold skeletons (D:3)
  2 rats (D:1)
38 creatures vanquished.

Vanquished Creatures (others)
  A human (D:3)
  An orc (D:3)
2 creatures vanquished.

Grand Total: 40 creatures vanquished

Notes
Turn   | Place    | Note
-------+----------+-------------------------------------------
     0 | D:1      | lmSkywalker the Palentonga Fighter began the quest for the
                  | Orb.
     0 | D:1      | Reached XP level 1. HP: 19/19 MP: 1/1
   329 | D:1      | Reached XP level 2. HP: 17/25 MP: 2/2
  1088 | D:2      | Reached XP level 3. HP: 31/31 MP: 3/3
  2256 | D:3      | Found a runed translucent door.
  2256 | D:3      | Noticed a human
  2265 | D:3      | Found a basalt altar of Yredelemnul.
  2317 | D:3      | Noticed Grinder
  2495 | D:3      | Killed a human
  2571 | D:3      | Reached XP level 4. HP: 39/39 MP: 4/4
  2591 | D:2      | Slain by a gnoll

Illustrated notes

Levels and vault maps discovered:
D:1:      dpeg_arrival_signposts, layout_basic
D:2:      minmay_general_purpose_star, layout_basic, hex_intersection
D:3:      layout_basic, zin_statuary, dk_yredelemnul_ordeal,
          minmay_diced_spiral, uniq_sigmund, uniq_grinder, uniq_jessica

Action                   |  1- 3 |  4- 6 || total
-------------------------+-------+-------++-------
Melee: War axe           |    96 |     3 ||    99
       Tailslap          |    11 |       ||    11
 Abil: Rolling Charge    |    27 |     1 ||    28
  Use: Scroll            |     7 |       ||     7
       Potion            |       |     2 ||     2
Armor: Scale mail        |    45 |       ||    45
Dodge: Dodged            |    19 |     1 ||    20
Block: Kite shield       |    37 |     1 ||    38

Table legend: (Time is in decaauts)
 A = Elapsed time spent in this place.
 B = Non-inter-level travel time spent in this place.
 C = Inter-level travel time spent in this place.
 D = Time resting spent in this place.
 E = Time spent auto-exploring this place.
 F = Levels seen in this place.
 G = Mean time per level.
                   A        B        C        D        E       F      G
               +--------+--------+--------+--------+--------+-----+--------+
         Total |   2653 |   2452 |    201 |    276 |   1258 |   3 |  884.3 |
       Dungeon |   2653 |   2452 |    201 |    276 |   1258 |   3 |  884.3 |
               +--------+--------+--------+--------+--------+-----+--------+

Top non-repeatable levels by time:
     D:2: 1308 daAuts
     D:1: 1098 daAuts
     D:3: 247 daAuts
